 Dungeon Crawl Stone Soup version 0.26.0-10-g1f06aea511 (webtiles) character file.

Game seed: 1702305593736160493

38086 iamserjio the Severer (level 13, -1/123 HPs)
             Began as a Deep Dwarf Fighter on Jan 24, 2021.
             Was a High Priest of Makhleb.
             Slain by an entropy weaver (2 damage)
             ... on level 2 of the Spider Nest.
             The game lasted 00:08:15 (7706 turns).

iamserjio the Severer (Deep Dwarf Fighter)          Turns: 7706, Time: 00:08:16

Health: -1/123     AC:  6    Str: 25    XL:     13   Next: 61%
Magic:  13/13      EV:  4    Int:  5    God:    Makhleb [*****.]
Gold:   670        SH:  0    Dex: 18    Spells: 12/12 levels left

rFire    . . .     SeeInvis .   d - +4 war axe (distort)
rCold    . . .     Faith    .   H - +10 tower shield of Ignorance {rN+ Int-4}
rNeg     + + .     Spirit   .   E - +0 plate armour
rPois    .         Reflect  .   (no helmet)
rElec    .         Harm     .   n - +2 cloak
rCorr    .         Rampage  .   x - +0 pair of gloves
Will     ++++.     Clarity  +   t - +1 pair of boots
Stlth    ..........             s - amulet of the Four Winds {rN+ Will+++ Clar}
HPRegen  0.00/turn              O - +6 ring of dexterity
MPRegen  0.13/turn              (no ring)

@: lethally poisoned (-1 -> -28), corroded, held, non-regenerating
A: damage resistance, heal wounds, sense surroundings 2, no regeneration
a: Heal Wounds, Renounce Religion, Minor Destruction, Lesser Servant of Makhleb,
Major Destruction, Greater Servant of Makhleb


You were on level 2 of the Spider Nest.
You worshipped Makhleb.
Makhleb was extremely pleased with you.
You visited 4 branches of the dungeon, and saw 15 of its levels.
You also visited: Bailey.

You collected 1547 gold pieces.
You spent 877 gold pieces at shops.

Inventory:

Hand Weapons
 a - a +1 war axe
 d - a +4 war axe of distortion (weapon)
 D - a +0 flail of protection
 F - the cursed +1 short sword of Xassocig {distort, Fragile rF+ rN+ SInv, unknown}
   (You found it on level 7 of the Dungeon)

   It warps and distorts space around it.
   Unwielding it can cause banishment or high damage.
   It protects you from fire.
   It protects you from negative energy.
   It lets you see invisible.
   It will be destroyed if unequipped.
   It has a curse placed upon it.
Missiles
 g - 3 throwing nets
 w - 13 curare-tipped darts (quivered)
Armour
 b - a +0 scale mail
 c - a +0 kite shield
 n - a +2 cloak (worn)
 t - a +1 pair of boots (worn)
 x - a +0 pair of gloves (worn)
 E - a +0 plate armour (worn)
 H - the +10 tower shield of Ignorance (worn) {rN+ Int-4}
   (You bought it in a shop on level 6 of the Dungeon)

   It affects your intelligence (-4).
   It protects you from negative energy.
Jewellery
 s - the amulet of the Four Winds (around neck) {rN+ Will+++ Clar}
   (You found it on level 5 of the Dungeon)

   [amulet of nothing]

   It protects you from negative energy.
   It affects your willpower, your defense against some magical effects.
   It protects you against confusion.
 O - a +6 ring of dexterity (left hand)
 U - an uncursed amulet of reflection
Wands
 N - a wand of digging (5) {@v3}
 Q - a wand of enslavement (6)
 S - a wand of disintegration (15)
 W - a wand of acid (6) {@v1}
Scrolls
 e - 4 scrolls of remove curse {@r2}
 h - 3 scrolls of teleportation {unknown}
 k - 3 scrolls of fog
 l - a scroll of magic mapping {@r5}
 p - 4 scrolls of blinking {@r4}
 y - a scroll of vulnerability
 L - a scroll of holy word
 M - 2 scrolls of noise {unknown}
 R - a scroll of fear {unknown}
Potions
 i - a potion of heal wounds {@q2}
 j - 2 potions of cancellation
 o - a potion of lignification
 q - 2 potions of magic
 z - 2 potions of degeneration {unknown}
 A - a potion of resistance {unknown}
 C - 3 potions of curing {@q1}
 J - 2 potions of mutation {unknown}
 P - a potion of attraction {unknown}
 T - 2 potions of haste {@q4}
 V - a potion of might {@q3}
Miscellaneous
 f - a tin of tremorstones (2/2)
 B - a tin of tremorstones (2/2)
 K - a phial of floods


   Skills:
 + Level 9.8 Fighting
 * Level 15.0 Axes
 + Level 11.4 Armour
 + Level 5.0 Dodging
 + Level 11.5 Shields
 + Level 8.6 Invocations


You had 12 spell levels left.
You didn't know any spells.
Your spell library was empty.

Dungeon Overview and Level Annotations

Branches:
Dungeon (8/15)             Temple (1/1) D:6            Lair (4/6) D:8
 Shoals (0/4) Lair:4       Spider (2/4) Lair:2       Bailey (visited)

Altars:
Cheibriados
Dithmenos
Elyvilon
Fedhas
Gozag
Hepliaklqana
Kikubaaqudgha
Makhleb
Nemelex Xobeh
Okawaru
Qazlal
Ru
Sif Muna
Uskayaw
Vehumet
Wu Jian
Xom
Yredelemnul
Zin
The Shining One

Shops:
D:5 *   D:6 (([   D:8 [

Annotations:
D:6 1 exclusion
Lair:1 3 runed translucent doors, Zusoliwk's ghost, journeyman CeHu
Lair:3 1 exclusion
Abyss:1 Gastronok


Innate Abilities, Weirdness & Mutations

You are resistant to damage.
You can heal yourself by infusing magical energy.
You passively map the area around you.
You do not regenerate.


Message History

You barely miss the redback.
The redback is moderately wounded.
You closely miss the redback. You barely miss the entropy weaver.
You block the redback's attack.
You block the entropy weaver's attack. x2
The entropy weaver hits you but does no damage.
The entropy weaver hits you. You block the redback's attack.
A jumping spider comes into view.
You hit the entropy weaver.
The entropy weaver is lightly wounded.
You hit the redback.
Space bends around the redback.
You slash the redback!
You block the redback's attack. x2; The entropy weaver hits you.
You block the entropy weaver's attack.
The entropy weaver hits you but does no damage.
You block the entropy weaver's attack. You block the redback's attack.
You hit the entropy weaver.
The entropy weaver is lightly wounded.
You closely miss the redback. You hit the redback.
The redback blinks!
The entropy weaver blinks!
The entropy weaver points at you and mumbles some strange words.
The entropic weave corrodes you! You block the redback's attack.
A wolf spider comes into view.
The jumping spider leaps! x2; You block the redback's attack.
The jumping spider leaps!
You block the redback's attack.
The jumping spider leaps!
You block the entropy weaver's attack. x3
The entropy weaver hits you but does no damage.
The entropy weaver gestures at you while chanting.
The entropic weave corrodes you!
You miss the entropy weaver.
The entropy weaver is lightly wounded.
You hit the redback but do no damage.
Space warps horribly around the redback!
You kill the redback!
Makhleb accepts your kill.
You barely miss the redback. You block the redback's attack.
The jumping spider leaps!
The entropy weaver casts a spell at you.
The entropic weave corrodes you!
You closely miss the entropy weaver.
The entropy weaver is lightly wounded.
You hit the wolf spider.
The wolf spider blinks!
A redback comes into view.
You hit the entropy weaver.
Space bends around the entropy weaver.
The entropy weaver is lightly wounded.
You hit the redback but do no damage.
Space bends around the redback.
The entropy weaver hits you. You block the entropy weaver's attack.
The entropy weaver hits you. The entropy weaver hits you!
The jumping spider leaps!
You block the redback's attack. The redback bites you!
Your plate armour prevents you from hitting the entropy weaver.
The entropy weaver is lightly wounded.
You hit the jumping spider.
Space warps horribly around the jumping spider!
You slash the redback! x2; Space bends around the redback.
The jumping spider leaps!
You block the entropy weaver's attack. x2
The entropy weaver barely misses you. You block the entropy weaver's attack.
You block the redback's attack.
A redback comes into view.
The jumping spider pounces on you! The jumping spider bites you.
You hit the entropy weaver but do no damage.
The entropy weaver is lightly wounded.
You closely miss the redback. You hit the redback but do no damage.
The redback is devoured by a tear in reality.
You closely miss the redback. You barely miss the jumping spider.
The jumping spider leaps!
You block the entropy weaver's attack. x3
The entropy weaver hits you!
The redback bites you but does no damage.
The redback barely misses you.
You block the jumping spider's attack. x2
You hit the entropy weaver.
The entropy weaver is lightly wounded.
You barely miss the jumping spider. You hit the redback but do no damage.
You completely miss the redback.
The redback blinks!
The entropy weaver blinks!
The sentinel's mark upon you fades away.
You block the redback's attack.
You block the entropy weaver's attack. x2
The entropy weaver hits you! The entropy weaver hits you.
The jumping spider pounces on you!
You are caught in a web!
The jumping spider bites you. The wolf spider hits you.
The wolf spider bites you! The redback bites you!
You feel much better.
You are no longer poisoned.
The wolf spider hits you! The wolf spider completely misses you.
The entropy weaver hits you. The entropy weaver hits you! x2
The entropy weaver hits you. The wolf spider hits you.
The wolf spider bites you. The redback bites you.
You are poisoned.
The redback poisons you! The entropy weaver hits you!
The entropy weaver hits you but does no damage.
The entropy weaver hits you!
* * * LOW HITPOINT WARNING * * *
The entropy weaver hits you.
You struggle to detach yourself from the web.
* * * LOW HITPOINT WARNING * * *
You feel very sick. The wolf spider hits you!
* * * LOW HITPOINT WARNING * * *
The wolf spider bites you!
* * * LOW HITPOINT WARNING * * *
The entropy weaver hits you. The entropy weaver hits you!
* * * LOW HITPOINT WARNING * * *
The entropy weaver hits you. x2
You die...

####### ##≈#≈#.##
######≈≈≈≈...##
#...#.≈≈≈.....#
###.....≈≈.....#*
#........≈.^####
*#......s.[..##
#....B.s†..^# ###
#####...s@s§.[.###.##
#........sss.....#..##
#^...^..§s§.........#
##^##.<...°........##
# #..............## *
##........s...##,, *
###^.#......§# ^
#####.##s......# ,
###.....s..#,,


You could see an entropy weaver, 2 wolf spiders, 2 jumping spiders and 4
redbacks.

Vanquished Creatures
  An orc warlord (Bailey)
  An emperor scorpion (Spider:1)
  Harold (D:7)
  A boulder beetle (Spider:1)
  Erica (D:8)
  A hydra (Lair:4)
  An orc knight (Bailey)
  3 wolf spiders (Spider:1)
  3 orb spiders (Spider:1)
  4 black mambas
  A torpor snail (Spider:2)
  7 cane toads
  6 komodo dragons
  3 jumping spiders
  A hornet (Spider:2)
  A polar bear (Lair:3)
  17 blink frogs
  14 yaks
  17 redbacks
  2 wyverns
  7 tarantellas (Spider:1)
  4 basilisks
  4 water moccasins
  4 black bears
  3 orc warriors
  3 phantoms
  2 sky beasts
  3 wolves
  An ogre (D:8)
  6 centaurs
  5 bullfrogs
  3 scorpions
  13 wights
  2 howler monkeys
  An electric eel (Spider:2)
  2 lava snakes
  3 centaur zombies
  3 orc priests
  7 orc wizards
  A bullfrog skeleton (D:5)
  4 iguanas
  12 worker ants
  A hound zombie (D:6)
  A gnoll (Bailey)
  4 adders
  3 white imps
  2 ufetubi
  An ooze (D:5)
  2 adder skeletons
  A dart slug (D:2)
  4 leopard geckos
  29 orcs
  2 giant cockroaches
  4 goblins
  4 hobgoblins
  2 jackals (D:5)
  9 kobolds
  A quokka (D:8)
  A ball python (D:5)
  2 frilled lizards
  A jackal zombie (D:6)
  A rat (D:3)
254 creatures vanquished.

Vanquished Creatures (collateral kills)
  A hydra (Lair:2)
  A yak (Lair:2)
  A bullfrog (Lair:2)
3 creatures vanquished.

Vanquished Creatures (others)
  A redback (Spider:1)
  12 fungi
  20 plants
33 creatures vanquished.

Grand Total: 290 creatures vanquished

Notes
Turn   | Place    | Note
-------+----------+-------------------------------------------
     0 | D:1      | iamserjio the Deep Dwarf Fighter began the quest for the
                  | Orb.
     0 | D:1      | Reached XP level 1. HP: 20/20 MP: 1/1
   232 | D:2      | Found a radiant altar of Vehumet.
   252 | D:2      | Reached XP level 2. HP: 20/27 MP: 2/2
   597 | D:4      | Reached skill level 3 in Axes
   597 | D:4      | Reached XP level 3. HP: 14/33 MP: 3/3
   901 | D:5      | Entered Level 5 of the Dungeon
   951 | D:5      | Noticed a centaur
   955 | D:5      | Reached XP level 4. HP: 27/42 MP: 3/3
   961 | D:5      | Killed a centaur
   962 | D:5      | Reached skill level 4 in Axes
   962 | D:5      | Reached XP level 5. HP: 28/49 MP: 4/4
  1034 | D:5      | Noticed a phantom
  1051 | D:5      | Found Gaos's General Store.
  1073 | D:5      | Killed a phantom
  1074 | D:5      | Reached XP level 6. HP: 34/57 MP: 5/5
  1083 | D:5      | Bought a scroll of blinking for 75 gold pieces
  1112 | D:5      | Noticed a sky beast
  1123 | D:5      | Killed a sky beast
  1124 | D:5      | Reached skill level 5 in Axes
  1172 | D:5      | Found a white marble altar of Elyvilon.
  1271 | D:5      | Found the amulet of the Four Winds {rN+ Will+++ Clar}
  1470 | D:5      | Reached XP level 7. HP: 35/64 MP: 6/6
  1709 | D:6      | Reached skill level 5 in Armour
  1709 | D:6      | Reached skill level 5 in Shields
  1712 | D:6      | Reached skill level 6 in Axes
  1761 | D:6      | Found a staircase to the Ecumenical Temple.
  1774 | Temple   | Entered the Ecumenical Temple
  1851 | Temple   | Became a worshipper of Makhleb the Destroyer
  1897 | D:6      | Reached XP level 8. HP: 50/73 MP: 5/5
  1908 | D:6      | Reached skill level 7 in Axes
  1969 | D:6      | Found Guzaogei's Armour Shoppe.
  2057 | D:6      | Noticed a moth of wrath
  2131 | D:6      | Found a sacrificial altar of Ru.
  2191 | D:6      | Found Daut's Weapon Shoppe.
  2192 | D:6      | Found Veyngotu's Antique Weapon Shop.
  2459 | D:6      | Found a hide-covered altar of Uskayaw.
  2468 | D:6      | Found a glowing golden altar of the Shining One.
  2536 | D:7      | Noticed Harold
  2552 | D:7      | Killed Harold
  2553 | D:7      | Reached skill level 5 in Fighting
  2553 | D:7      | Reached skill level 8 in Axes
  2553 | D:7      | Gained mutation: You passively map the area around you.
                  | [Deep Dwarf growth]
  2553 | D:7      | Reached XP level 9. HP: 36/81 MP: 5/5
  2583 | D:7      | Found a flagged portal.
  2590 | Bailey   | Entered a bailey
  2595 | Bailey   | Noticed an orc warlord
  2644 | Bailey   | Found a runed translucent gate.
  2644 | Bailey   | Found a runed translucent gate.
  2670 | Bailey   | Found a runed translucent gate.
  2677 | Bailey   | Noticed an orc knight
  2697 | Bailey   | Killed an orc knight
  2698 | Bailey   | Reached skill level 9 in Axes
  2751 | Bailey   | Killed an orc warlord
  2751 | Bailey   | Reached * piety under Makhleb
  2752 | Bailey   | Reached skill level 10 in Axes
  2765 | Bailey   | Reached skill level 11 in Axes
  2765 | Bailey   | Reached XP level 10. HP: 55/96 MP: 5/5
  2775 | Bailey   | Identified a scroll of acquirement
  2775 | Bailey   | Acquired 765 gold pieces
  2896 | D:7      | Found a blossoming altar of Fedhas.
  2943 | D:7      | Got an ancient short sword
  2972 | D:7      | Reached skill level 12 in Axes
  3058 | D:7      | Reached XP level 11. HP: 93/102 MP: 6/6
  3610 | D:6      | Bought the +10 tower shield of Ignorance {rN+ Int-4} for
                  | 802 gold pieces
  3610 | D:6      | Found the +10 tower shield of Ignorance {rN+ Int-4}
  3751 | D:8      | Reached ** piety under Makhleb
  3842 | D:8      | Noticed Erica
  3863 | D:8      | Killed Erica
  3894 | D:8      | Found Noaryi's Antique Armour Emporium.
  4050 | D:8      | Found a staircase to the Lair.
  4219 | Lair:1   | Entered Level 1 of the Lair of Beasts
  4250 | Lair:1   | Reached *** piety under Makhleb
  4306 | Lair:1   | Reached skill level 13 in Axes
  4306 | Lair:1   | Reached skill level 10 in Armour
  4382 | Lair:1   | Reached skill level 10 in Shields
  4447 | Lair:1   | Found a runed translucent gate.
  4447 | Lair:1   | Found a runed translucent gate.
  4448 | Lair:1   | Found a runed translucent gate.
  4494 | Lair:1   | Noticed Zusoliwk's ghost (journeyman CeHu)
  4640 | Lair:1   | Reached XP level 12. HP: 109/112 MP: 7/7
  5211 | Lair:2   | Noticed Gastronok
  5218 | Lair:2   | Banished Gastronok
  5219 | Lair:2   | Reached skill level 1 in Dodging
  5466 | Lair:2   | Noticed a six-headed hydra
  5489 | Lair:2   | Reached skill level 14 in Axes
  5489 | Lair:2   | Killed a 17-headed hydra
  5596 | Lair:2   | Reached skill level 5 in Invocations
  5600 | Lair:2   | Reached **** piety under Makhleb
  5606 | Lair:2   | Found a hole to the Spider Nest.
  6598 | Lair:4   | Noticed an eight-headed hydra
  6606 | Lair:4   | Killed a 13-headed hydra
  6794 | Lair:4   | Found a staircase to the Shoals.
  7146 | Lair:4   | Reached XP level 13. HP: 121/121 MP: 11/11
  7398 | Spider:1 | Entered Level 1 of the Spider Nest
  7402 | Spider:1 | Noticed an emperor scorpion
  7431 | Spider:1 | Killed an emperor scorpion
  7457 | Spider:1 | Reached ***** piety under Makhleb
  7617 | Spider:2 | Noticed an entropy weaver
  7618 | Spider:2 | Noticed an Executioner
  7651 | Spider:1 | Noticed an emperor scorpion
  7662 | Spider:1 | Banished an emperor scorpion
  7663 | Spider:1 | Reached skill level 15 in Axes
  7663 | Spider:1 | Reached skill level 5 in Dodging
  7706 | Spider:2 | HP: 1/123 [entropy weaver (9)]
  7706 | Spider:2 | Slain by an entropy weaver

Illustrated notes

Levels and vault maps discovered:
D:1:      psy_arrival_whirlpool, layout_rooms, minmay_curled_crystal,
          minmay_hexomino_u4
D:2:      kennysheep_six_static_rooms, layout_basic, old_standard_altar,
          vehumet_crystals, nicolae_qazlal_general_emergency
D:3:      layout_basic, chequers_ecumenical_altar_simple_redux,
          kennysheep_potato, uniq_natasha
D:4:      layout_basic
D:5:      kennysheep_big_flooded_room, layout_basic, serial_shops, shop,
          elyvilon_altar_4
D:6:      layout_loops_corners, nicolae_ru_path_of_blood, tgw_trog,
          amethyst_overflow_temple_binary, minmay_temple_entry_antechambers,
          serial_shops, shop, nicolae_shop_statue_plus, shop
D:7:      layout_loops_corners, fedhas_altar_3, enter_bailey_1,
          serial_co_window_serial, co_window_corner_a,
          co_window_of_opportunity_a, co_window_of_opportunity_a,
          co_window_paths_b, co_window_of_opportunity_a, co_window_paths_a,
          co_window_of_opportunity_a, co_window_of_opportunity_a,
          co_window_paths_a, co_window_corner_cb, co_window_corner_ca,
          co_window_2corner, co_window_paths_e, co_window_sun,
          nicolae_lava_and_water, uniq_harold
D:8:      layout_gridville, minmay_lair_entry_grove, serial_shops, shop,
          uniq_erica
Temple:   eino_wide_crystal_templ
Lair:1:   layout_cellular_growth, gammafunk_ghost_icy, beast_lair_carwin_10
Lair:2:   layout_gridlike, spider_nest_entry_a, beast_lair_carwin_8,
          uniq_gastronok
Lair:3:   layout_cave_shapes, hangedman_lair_unloving_vines,
          chequers_serial_rivers_room_b, zaba_antful_of_joy
Lair:4:   layout_regular_city, shoals_dummy_entry, minmay_holes,
          grunt_megastairs_4
Spider:1: layout_spider_delve
Spider:2: layout_spider_delve

Skill      XL: |  1  2  3  4  5  6  7  8  9 10 11 12 13 |
---------------+----------------------------------------+-----
Axes           | 3 4 5 6 8 11 12 13 14 15 | 15.0
Fighting       | 3 4 5 7 8 9 |  9.8
Armour         | 4 5 6 9 10 11 | 11.4
Shields        | 4 5 6 9 10 11 | 11.5
Dodging        | 3 5 |  5.0
Invocations    | 6 8 |  8.6

Action                   |  1- 3 |  4- 6 |  7- 9 | 10-12 | 13-15 || total
-------------------------+-------+-------+-------+-------+-------++-------
Melee: War axe           |    64 |    62 |   115 |   466 |   131 ||   838
Throw: Dart              |       |       |     2 |       |       ||     2
Invok: Lesser Servant of |       |       |       |     1 |       ||     1
       Greater Servant o |       |       |       |       |     1 ||     1
 Abil: Heal Wounds       |     2 |     3 |    11 |     8 |     4 ||    28
  Use: Scroll            |       |     2 |     3 |     1 |    18 ||    24
       Potion            |       |       |     3 |       |     2 ||     5
 Stab: Distracted        |       |       |       |     2 |       ||     2
       Held in net/web   |       |       |       |       |     1 ||     1
Armor: Scale mail        |    31 |    29 |    50 |    11 |       ||   121
       Plate armour      |       |       |       |   145 |    44 ||   189
Dodge: Dodged            |    12 |    15 |    55 |    55 |    27 ||   164
Block: Kite shield       |    29 |    38 |    83 |    36 |       ||   186
       Tower shield      |       |       |       |   403 |   240 ||   643
